AoeStats
← Jwawoo

Arena

510481069Analyzed
3v3 RM · 1d ago on Oct 1, 2026· 35m 21s· 6 players
Game mode
Random Map
Map size
Normal (6 player)
Population
200
Speed
Normal
Resources
Standard
Victory
Conquest
Starting age
Dark Age
Ending age
Imperial Age
RankedLock teamsTeams togetherTeam positionsShared explorationLock speedFull tech treeHidden civsTurbo modeCheats
Victory
Defeat
🇲🇽 Italians · Mexico
1101
+11
🇲🇽 Persians · Mexico
937
+18
🇲🇽 Bohemians · Mexico
928
+51
🇫🇷 Mongols · France
1101
-21
🇫🇷 Turks · France
1000
-48
🇺🇸 Britons · United States
831
-25
HypeX
9:59 Feudal Age
11:42 Double-Bit Axe
11:54 Horse Collar
14:37 Castle Age
13:50 Bloodlines
20:26 Bow Saw
21:14 Fletching
22:32 Loom
23:52 Wheelbarrow
24:04 Heavy Plow
26:17 Bodkin Arrow
26:45 Padded Archer Armor
26:44 Gold Mining
27:34 Husbandry
30:18 Hand Cart
32:39 Thumb Ring
TripleB
10:17 Feudal Age
15:44 Double-Bit Axe
18:18 Wheelbarrow
20:28 Castle Age
22:04 Wheelbarrow
23:51 Loom
25:57 Bow Saw
28:07 Coinage
35:18 Fletching
35:11 Horse Collar
Jwawoo
7:43 Loom
9:02 Loom
12:55 Feudal Age
12:58 Loom
13:48 Horse Collar
15:13 Loom
15:49 Double-Bit Axe
17:02 Loom
18:30 Loom
19:11 Loom
21:28 Loom
24:58 Castle Age
25:57 Bow Saw
28:02 Man-at-Arms
HUSEINMACO
9:52 Feudal Age
14:30 Castle Age
12:41 Double-Bit Axe
13:58 Horse Collar
20:08 Fletching
21:27 Bodkin Arrow
21:45 Bow Saw
22:25 Padded Archer Armor
24:01 Heavy Plow
26:28 Wheelbarrow
30:38 Imperial Age
28:32 Gold Mining
28:34 Stone Mining
31:03 Hand Cart
32:33 Two-Man Saw
32:20 Crop Rotation
32:51 Bracer
EXIL_DRC
8:06 Loom
10:45 Feudal Age
17:24 Castle Age
15:32 Double-Bit Axe
16:45 Forging
16:52 Horse Collar
17:32 Scale Barding Armor
17:41 Bloodlines
18:19 Heavy Plow
21:29 Husbandry
28:11 Wheelbarrow
27:51 Gold Mining
28:53 Chain Barding Armor
37:20 Imperial Age
35:07 Hand Cart
35:35 Iron Casting
35:28 Town Watch
Mauryzg
7:13 Loom
9:45 Feudal Age
11:17 Double-Bit Axe
15:38 Castle Age
17:35 Bow Saw
19:54 Wheelbarrow
22:35 Town Watch
23:00 Crossbowman
25:44 Hand Cart
30:17 Imperial Age
30:20 Chemistry
32:39 Two-Man Saw
31:19 Arbalester
32:22 Ballistics
33:50 Fletching
34:49 Bodkin Arrow
35:37 Bracer
Connection lost

Rejoining the realm…

Still unreachable

The connection could not be restored.

Session expired

The server has moved on; the page needs a fresh start.